 Dungeon Crawl Stone Soup version 0.29-a0-997-gf6f7e2dfe7 (webtiles) character file.

Game seed: 2853167761061630431

36 quixfox the Digger (level 3, 0/19 HPs)
             Began as a Gargoyle Earth Elementalist on Aug 4, 2022.
             Slain by a gnoll
             ... wielding a +0 flail
              (12 damage)
             ... on level 2 of the Dungeon.
             The game lasted 00:02:17 (1132 turns).

quixfox the Digger (Gargoyle Earth Elementalist)    Turns: 1132, Time: 00:02:17

Health: 0/19       AC:  6    Str: 11    XL:     3   Next: 37%
Magic:  0/7        EV: 11    Int: 17    God:
Gold:   57         SH:  0    Dex: 10    Spells: 1/7 levels left

rFire   . . .      SeeInvis .   l - +3 dagger of the Open Hand {elec, rElec Stlth+}
rCold   . . .      Faith    .   (no shield)
rNeg    + . .      Spirit   .   a - +0 robe
rPois   ∞          Reflect  .   g - +0 helmet
rElec   +          Harm     .   (no cloak)
rCorr   .          Rampage  .   (no gloves)
Will    .....                   (no boots)
Stlth   +++.......              (no amulet)
HPRegen 0.06/turn               (no ring)
MPRegen 0.10/turn               (no ring)

@: no status effects
A: sickness immunity, AC +3, negative energy resistance 1, electricity
resistance, torment resistance 1, petrification resistance
a: no special abilities


You were on level 2 of the Dungeon.
You visited 1 branch of the dungeon, and saw 2 of its levels.

You collected 57 gold pieces.

Inventory:

Hand Weapons
 h - a +0 mace
 l - the +3 dagger of the Open Hand (weapon) {elec, rElec Stlth+}
   (You found it on level 2 of the Dungeon)

   It occasionally discharges a powerful burst of electricity upon striking a
   foe.
   rElec:     It insulates you from electricity.
   Stlth:     It makes you more stealthy.
Armour
 a - a +0 robe (worn)
 g - a +0 helmet (worn)
Jewellery
 k - a ring of ice
Scrolls
 c - a scroll of teleportation {unknown}
 e - 2 scrolls of silence {unknown}
 f - 2 scrolls of amnesia {unknown}
 i - 2 scrolls of identify {unknown}
Potions
 b - a potion of magic
 d - a potion of flight {unknown}


   Skills:
 - Level 1.5 Dodging
 - Level 2.1 Stealth
 + Level 2.7 Spellcasting
 + Level 0.4 Conjurations
 - Level 0.7 Transmutations
 + Level 4.4 Earth Magic


You had one spell level left.
You knew the following spells:

 Your Spells              Type           Power      Damage    Failure   Level
a - Sandblast             Erth           34%        2d9       2%          1
b - Passwall              Tmut/Erth      9%         N/A       10%         2
c - Stone Arrow           Conj/Erth      20%        3d8       21%         3

Your spell library contained the following spells:

 Spells                   Type           Power      Damage    Failure   Level
 Petrify                  Tmut/Erth      11%        N/A       52%         4


Dungeon Overview and Level Annotations

Branches:
Dungeon (2/15)

Altars:


Innate Abilities, Weirdness & Mutations

You are immune to sickness and miasma.
Your stone body is resilient. (AC +3)
You are immune to poison.
You resist negative energy. (rN+)
You are resistant to electric shocks. (rElec)
You are resistant to unholy torment.
You are immune to petrification.


Message History

You see here a giant cockroach corpse.
Aiming: Sandblast (safe; 3% risk of failure)
Press: ? - help, Q - select action, (/) - cycle Shift-Dir - straight line, f - ball python
Aim: a ball python (80% to hit)
The blast of sand misses the ball python.
The ball python closely misses you. The ball python barely misses you.
The gnoll closely misses you.
The ball python bites you but does no damage.
The ball python closely misses you.
The gnoll hits you from afar with a +0 spear.
Aiming: Sandblast (safe; 3% risk of failure)
Press: ? - help, Q - select action, (/) - cycle Shift-Dir - straight line, f/p - ball python
Aim: a ball python (80% to hit)
The blast of sand hits the ball python!
You kill the ball python!
The gnoll barely misses you. x2
Aiming: Sandblast (safe; 3% risk of failure)
Press: ? - help, Q - select action, (/) - cycle Shift-Dir - straight line, f - gnoll
Aim: a gnoll, wielding a +0 spear (84% to hit)
The blast of sand hits the gnoll!
The gnoll is severely wounded.
The gnoll hits you from afar with a +0 spear. x2
Aiming: Sandblast (safe; 3% risk of failure)
Press: ? - help, Q - select action, (/) - cycle Shift-Dir - straight line, f/p - gnoll
Aim: a gnoll, wielding a +0 spear (severely wounded, 84% to hit)
The blast of sand hits the gnoll!
You kill the gnoll!
Aiming: Sandblast (safe; 2% risk of failure)
Press: ? - help, Q - select action, (/) - cycle Shift-Dir - straight line, f - gnoll
Aim: a gnoll, wielding a +0 flail (84% to hit)
The blast of sand misses the gnoll.
The gnoll barely misses you. The gnoll closely misses you.
Aiming: Sandblast (safe; 2% risk of failure)
Press: ? - help, Q - select action, (/) - cycle Shift-Dir - straight line, f/p - gnoll
Aim: a gnoll, wielding a +0 flail (84% to hit)
The blast of sand hits the gnoll.
The gnoll is moderately wounded.
The gnoll hits you with a +0 flail!
Ouch! That really hurt!
You die...

#..# .... #..#
#..# ##..###
..$..# ######.#
.#
#).....##.###.#
##.....@gg....#
#.######)#####
#.# †# #.# g#
#.# .# ## #.#
g# .# #.# rg
.##########.#
##
..#.........#


You could see 2 gnolls.

Vanquished Creatures
  A gnoll (D:2)
  3 bats (D:1)
  2 endoplasms (D:1)
  2 giant cockroaches
  A goblin (D:1)
  3 hobgoblins (D:1)
  3 jackals (D:1)
  A kobold (D:1)
  2 quokkas
  2 ball pythons (D:2)
  3 rats (D:1)
23 creatures vanquished.

Notes
Turn   | Place    | Note
-------+----------+-------------------------------------------
     0 | D:1      | quixfox the Gargoyle Earth Elementalist began the quest for
                  | the Orb.
     0 | D:1      | Reached XP level 1. HP: 10/10 MP: 3/3
   179 | D:1      | Found a faded altar of an unknown god.
   431 | D:1      | Reached skill level 4 in Earth Magic
   431 | D:1      | Reached XP level 2. HP: 15/15 MP: 1/5
  1054 | D:2      | Reached XP level 3. HP: 19/19 MP: 3/6
  1057 | D:2      | Learned a level 2 spell: Passwall
  1061 | D:2      | Learned a level 3 spell: Stone Arrow
  1114 | D:2      | Identified the +3 dagger of the Open Hand {elec, rElec
                  | Stlth+}
  1132 | D:2      | Slain by a gnoll

Illustrated notes

Levels and vault maps discovered:
D:1:      dpeg_arrival_tiny_k, layout_basic, ebering_ecumenical_altar_webs
D:2:      minmay_recursive_quarters, layout_loops_ring, uniq_sigmund,
          uniq_natasha

Skill      XL: |  1 |
---------------+----+-----
Earth Magic    | 4 |  4.4
Dodging        | |  1.5
Stealth        | |  2.1
Spellcasting   | |  2.7
Conjurations   | |  0.4
Transmutations | |  0.7

Action                   || total
-------------------------++-------
 Cast: Sandblast         ||    32
Armor: Robe              ||     3
Dodge: Dodged            ||    16

Table legend: (Time is in decaauts)
 A = Elapsed time spent in this place.
 B = Non-inter-level travel time spent in this place.
 C = Inter-level travel time spent in this place.
 D = Time resting spent in this place.
 E = Time spent auto-exploring this place.
 F = Levels seen in this place.
 G = Mean time per level.
                   A        B        C        D        E       F      G
               +--------+--------+--------+--------+--------+-----+--------+
         Total |   1161 |   1130 |     31 |    105 |    724 |   2 |  580.5 |
       Dungeon |   1161 |   1130 |     31 |    105 |    724 |   2 |  580.5 |
               +--------+--------+--------+--------+--------+-----+--------+

Top non-repeatable levels by time:
     D:1: 1059 daAuts
     D:2: 102 daAuts
